 Dungeon Crawl Stone Soup version 0.27-a0-489-g24c7b1a3ef (webtiles) character file.

Game seed: 9988464966057616003

363866 hehateme the Metallomancer (level 22, -9/142 HPs)
             Began as a Gargoyle Earth Elementalist on Feb 28, 2021.
             Was the Champion of Vehumet.
             Mangled by a quicksilver dragon (14 damage)
             ... on level 5 of the Vaults on Mar 1, 2021.
             The game lasted 04:22:58 (83249 turns).

hehateme the Metallomancer (GrEE)                  Turns: 83249, Time: 04:22:58

Health: -9/142     AC: 32    Str: 15    XL:     22   Next: 50%
Magic:  44/44      EV: 12    Int: 23    God:    Vehumet [******]
Gold:   3647       SH: 30    Dex: 11    Spells: 4/50 levels left

rFire    . . .     SeeInvis .   g - +2 eudemon blade (holy)
rCold    . . .     Faith    .   r - +18 shield of the Gong {rElec rN+ Will+ EV-5}
rNeg     + + +     Spirit   .   E - +2 ring mail {Will+}
rPois    ∞         Reflect  .   A - +0 hat
rElec    +         Harm     .   F - +2 ratskin cloak {*Rats rPois rN+ Str-1 Int-1 Dex+1}
rCorr    .         Rampage  .   z - +0 pair of gloves
Will     +++..     Rnd*Rage +   U - +0 pair of boots {Stlth+}
Stlth    +++.......             l - amulet of the acrobat
HPRegen  0.33/turn              d - +4 ring of protection
MPRegen  0.29/turn              x - +4 ring of evasion

@: no status effects
A: big wings, horns 1, berserk 1, high mp 1, negative energy resistance 1, sense
surroundings 1, electricity resistance, strong 1, wild magic 1, unbreathing,
petrification resistance, miasma immunity, AC +16
}: 2/15 runes: decaying, gossamer
a: Fly, Renounce Religion


You were on level 5 of the Vaults.
You worshipped Vehumet.
Vehumet was exalted by your worship.
You visited 8 branches of the dungeon, and saw 40 of its levels.

You collected 5287 gold pieces.
You spent 1640 gold pieces at shops.

Inventory:

Hand Weapons
 g - a +2 eudemon blade of holy wrath (weapon)
Missiles
 h - 369 stones
 p - 155 poisoned darts
 M - 2 throwing nets {=f}
 P - 2 curare-tipped darts
Armour
 j - a +3 buckler
 r - the +18 shield of the Gong (worn) {rElec rN+ Will+ EV-5}
   (You bought it in a shop on level 1 of the Depths)

   It affects your evasion (-5).
   It insulates you from electricity.
   It protects you from negative energy.
   It affects your willpower, your defense against some magical effects.
 z - a +0 pair of gloves (worn)
 A - a +0 hat (worn)
 E - a +2 ring mail of willpower (worn)
 F - the +2 ratskin cloak (worn) {*Rats rPois rN+ Str-1 Int-1 Dex+1}
   (You found it on level 7 of the Dungeon)

   It affects your strength (-1).
   It affects your intelligence (-1).
   It affects your dexterity (+1).
   It protects you from poison.
   It protects you from negative energy.
 U - a +0 pair of boots of stealth (worn)
Jewellery
 d - a +4 ring of protection (left hand)
 l - an amulet of the acrobat (around neck)
 m - a ring of fire {rF+, rC-}
 w - an amulet of regeneration
 x - a +4 ring of evasion (right hand)
 C - a ring of resist corrosion
 G - an amulet of guardian spirit {Spirit}
 I - a ring of protection from cold
 L - the ring "Okhluk" {Ice Dex+5}
   (You took it off a tengu warrior on level 2 of the Depths)

   [ring of ice]

   It enhances your ice magic.
   It affects your dexterity (+5).
   It makes you vulnerable to fire.
   It protects you from cold.
 O - the amulet "Ajorik" {rElec Regen+ Int+4}
   (You took it off a spriggan defender on level 2 of the Depths)

   [amulet of regeneration]

   It affects your intelligence (+4).
   It insulates you from electricity.
   It increases your rate of regeneration.
 Z - a +6 ring of intelligence
Wands
 y - a wand of iceblast (6)
 D - a wand of digging (18)
Scrolls
 b - 10 scrolls of enchant weapon
 c - a scroll of amnesia
 i - 18 scrolls of identify
 k - 2 scrolls of brand weapon
 t - 3 scrolls of teleportation
 u - 2 scrolls of summoning
 v - 7 scrolls of immolation {!r}
 J - 4 scrolls of silence
 S - 2 scrolls of holy word {!r}
 W - 5 scrolls of magic mapping {!r}
Potions
 a - 3 potions of might
 e - 3 potions of degeneration {!q}
 f - 3 potions of brilliance
 q - 6 potions of curing
 s - a potion of cancellation
 B - 2 potions of heal wounds
 H - 5 potions of lignification {!q}
 K - 6 potions of ambrosia
 Q - 3 potions of haste
 V - 4 potions of flight
Miscellaneous
 n - a box of beasts
 o - a phantom mirror
 R - a lightning rod (4/4)
 Y - a phial of floods


   Skills:
 + Level 16.0 Fighting
 - Level 7.1 Dodging
 - Level 5.8 Stealth
 * Level 12.9 Shields
 * Level 14.6 Spellcasting
 - Level 14.4 Conjurations
 - Level 11.5 Summonings
 - Level 4.0 Necromancy
 - Level 4.1 Transmutations
 - Level 4.1 Fire Magic
 - Level 24.7 Earth Magic


You had 4 spell levels left.
You knew the following spells:

 Your Spells              Type           Power        Failure   Level
a - Shatter               Erth           53%          13%         9
b - Iron Shot             Conj/Erth      47%          1%          6
c - Spellforged Servitor  Conj/Summ      39%          13%         7
d - Irradiate             Conj/Tmut      33%          2%          5
e - Borgnjor's Vile Clut  Necr/Erth      41%          1%          5
s - Sticky Flame          Conj/Fire      67%          1%          4
w - Passwall              Tmut/Erth      69%          1%          2
x - Stone Arrow           Conj/Erth      100%         1%          3
z - Lee's Rapid Deconstr  Erth           53%          1%          5

Your spell library contained the following spells:

 Spells                   Type           Power        Failure   Level
 Lehudib's Crystal Spear  Conj/Erth      47%          7%          8
 Absolute Zero            Ice            10%          100%        9
 Fire Storm               Conj/Fire      33%          100%        9
 Magic Dart               Conj           100%         1%          1
 Sandblast                Erth           100%         1%          1
 Summon Small Mammal      Summ           100%         1%          1
 Call Imp                 Summ           74%          1%          2
 Call Canine Familiar     Summ           74%          1%          3
 Conjure Flame            Conj/Fire      67%          1%          3
 Dazzling Flash           Conj/Hex       100%         1%          3
 Mephitic Cloud           Conj/Pois/Air  50%          1%          3
 Static Discharge         Conj/Air       60%          1%          3
 Petrify                  Tmut/Erth      83%          1%          4
 Hailstorm                Conj/Ice       60%          2%          4
 Animate Skeleton         Necr           92%          3%          1
 Freeze                   Ice            84%          3%          1
 Pain                     Necr           100%         3%          1
 Ignite Poison            Fire/Tmut/Pois 38%          3%          3
 Summon Guardian Golem    Hex/Summ       54%          4%          3
 Vampiric Draining        Necr           23%          9%          3
 Frozen Ramparts          Ice            42%          10%         3
 Corona                   Hex            23%          13%         1
 Summon Ice Beast         Ice/Summ       54%          13%         4
 Summon Lightning Spire   Summ/Air       54%          13%         4
 Blink                    Tloc           N/A          21%         2
 Ensorcelled Hibernation  Hex/Ice        42%          21%         2
 Slow                     Hex            21%          21%         2
 Animate Dead             Necr           23%          24%         4
 Confusing Touch          Hex            21%          34%         3
 Gell's Gravitas          Tloc           10%          34%         3
 Ozocubu's Armour         Ice            21%          34%         3
 Portal Projectile        Hex/Tloc       42%          34%         3
 Teleport Other           Tloc           21%          34%         3
 Tukima's Dance           Hex            21%          34%         3
 Ice Form                 Ice/Tmut       34%          45%         4
 Cause Fear               Hex            10%          73%         4
 Bolt of Magma            Conj/Fire/Erth 41%          1%          5
 Lightning Bolt           Conj/Air       30%          5%          5
 Shadow Creatures         Summ           N/A          17%         6
 Summon Forest            Summ/Tloc      27%          32%         5
 Summon Mana Viper        Hex/Summ       54%          32%         5
 Yara's Violent Unravell  Hex/Tmut       17%          32%         5
 Freezing Cloud           Conj/Ice/Air   25%          50%         6
 Agony                    Necr           46%          52%         5
 Summon Hydra             Summ           37%          65%         7
 Alistair's Intoxication  Tmut/Pois      22%          80%         5
 Eringya's Noxious Bog    Tmut/Pois      17%          83%         6
 Metabolic Englaciation   Hex/Ice        10%          96%         5
 Silence                  Hex/Air        10%          96%         5
 Simulacrum               Ice/Necr       17%          100%        6
 Ozocubu's Refrigeration  Ice            10%          100%        7
 Discord                  Hex            10%          100%        8
 Ignition                 Fire           23%          100%        8
 Tornado                  Air            10%          100%        9
 Sublimation of Blood     Necr           Unusable     N/A         2

Dungeon Overview and Level Annotations

Branches:
Dungeon (15/15)            Temple (1/1) D:6            Lair (6/6) D:8
  Swamp (4/4) Lair:2       Spider (4/4) Lair:4        Slime (0/5) Lair:6
    Orc (2/2) D:9             Elf (0/3) Orc:2        Vaults (5/5) D:13
  Crypt (0/3) Vaults:3     Depths (3/5) D:15

Altars:
Ashenzari
Cheibriados
Dithmenos
Elyvilon
Fedhas
Gozag
Hepliaklqana
Kikubaaqudgha
Makhleb
Nemelex Xobeh
Okawaru
Qazlal
Ru
Sif Muna
Trog
Uskayaw
Vehumet
Wu Jian
Xom
Yredelemnul
Zin
The Shining One
Beogh

Shops:
D:4 (   D:6 *   D:9 !   D:11 (   D:13 [   Orc:2 *[([   Vaults:3 (   Depths:1 ([

Portals:
Hell: Depths:1 Depths:2
Pandemonium: Depths:2

Annotations:
D:4 Eustachio
D:5 Edmund, Sigmund
D:6 exclusion: bullfrog, Blork the orc
D:9 3 runed translucent doors, sraybest's ghost, novice TrMo
D:11 2 runed translucent doors
D:13 Urug
Lair:3 3 runed translucent doors, Liasy's ghost, journeyman SpEn
Swamp:1 1 transporter, exclusions: death drake and orange crystal statue
Spider:2 3 runed translucent doors, Jotoc's ghost, adept TrBe; Zekkers's ghost, adept SpVM
Vaults:4 exclusion: Mennas
Vaults:5 Bai Suzhen
Depths:2 2 transporters, 2 runed translucent doors


Innate Abilities, Weirdness & Mutations

You are resistant to torment.
Your stone body is resilient. (AC +16)
You are immune to poison.
Your large and strong wings let you fly indefinitely.
You resist negative energy. (rN+)
You are resistant to electric shocks. (rElec)
You can survive without breathing.
You are immune to petrification.
You are immune to miasma.
You have a pair of small horns on your head.
You tend to lose your temper in combat.
You have an increased reservoir of magic. (+10% MP)
You passively map a small area around you.
Your muscles are strong. (Str +2)
Your spells are a little harder to cast, but a little more powerful.


Message History

The bolt of cold hits you!!
The bolt of cold hits the phantasmal warrior!!
The phantasmal warrior resists.
The phantasmal warrior is destroyed!
You take 25 damage, and have 86/142 hp.
The frost giant points at you and mumbles some strange words.
The bolt of cold hits you but does no damage.
The quicksilver dragon roars deafeningly!
You hear a shout!
A deep elf sorcerer comes into view.
It is wielding a +7 hand axe of electrocution.
The frost giant points at you and mumbles some strange words.
The bolt of cold hits you.
You take 3 damage, and have 84/142 hp.
Okay, then.
The deep elf sorcerer points at you and mumbles some strange words.
The sphere of damnation explodes!
Keep disrobing?
The damnation engulfs you!!!
* * * LOW HITPOINT WARNING * * *
A river rat scurries out from under your cloak.
You hear a shout!
You hear a deafening roar!
You hear a shout! x2
You start removing your armour.
You continue taking off the +18 shield of the Gong {rElec rN+ Will+ EV-5}.
The frost giant casts a spell at you. The bolt of cold hits you!!
* * * LOW HITPOINT WARNING * * *
A river rat scurries out from under your cloak.
You continue taking off the +18 shield of the Gong {rElec rN+ Will+ EV-5}.
The quicksilver dragon bites your river rat!
Your river rat dies!
The deep elf sorcerer points at you and mumbles some strange words.
The sphere of damnation explodes!
The damnation engulfs you!!
* * * LOW HITPOINT WARNING * * *
The vault warden hits your river rat with a +1 long sword!
The vault warden blocks your river rat's attack.
You hear a shout!
You hear an angry hiss.
You hear a deafening roar!
You hear a shout!
You continue taking off the +18 shield of the Gong {rElec rN+ Will+ EV-5}.
The quicksilver dragon bites you!
You die...

#################################
.............C...................
.............pr.@.....D..........
(###############D#######........#
...W............p................
............†............#....#..
..8.#p.)....d............#....#..
...pd..........).....)..)#....#..
###C###.#########.....)##.....#..
..)..,,, , .......)..#....#..
....#|[§ ......)..........#

Skill      XL: |  1  2  3  4  5  6  7  8  9 10 11 12 13 14 15 16 17 18 19 20 21 22 |
---------------+-------------------------------------------------------------------+-----
Earth Magic    | 4 6 9 10 11 12 14 15 17 19 22 24 | 24.7
Fighting       | 1 2 3 4 5 7 8 9 10 11 12 13 14 15 16 | 16.0
Conjurations   | 1 2 3 4 6 10 11 12 14 | 14.4
Spellcasting   | 3 4 5 6 7 8 10 11 12 13 14 | 14.6
Dodging        | 4 5 6 7 |  7.1
Fire Magic     | 4 |  4.1
Transmutations | 2 4 |  4.1
Necromancy     | 4 |  4.0
Summonings     | 7 11 | 11.5
Shields        | 3 7 9 10 11 12 | 12.9
Stealth        | 5 |  5.8

Notes
Turn   | Place    | Note
-------+----------+-------------------------------------------
     0 | D:1      | hehateme the Gargoyle Earth Elementalist began the quest
                  | for the Orb.
     0 | D:1      | Reached XP level 1. HP: 10/10 MP: 3/3
   362 | D:1      | Reached skill level 4 in Earth Magic
   362 | D:1      | Reached XP level 2. HP: 16/16 MP: 3/5
   921 | D:2      | Reached skill level 1 in Fighting
   921 | D:2      | Reached XP level 3. HP: 19/20 MP: 1/6
   925 | D:2      | Learned a level 3 spell: Stone Arrow
  1259 | D:2      | Reached skill level 1 in Conjurations
  1642 | D:2      | Reached XP level 4. HP: 26/26 MP: 1/7
  2240 | D:3      | Reached skill level 2 in Conjurations
  2378 | D:3      | Reached skill level 2 in Fighting
  2383 | D:3      | Reached XP level 5. HP: 31/31 MP: 3/9
  2563 | D:3      | Reached skill level 3 in Spellcasting
  2724 | D:4      | Found an ancient bone altar of Kikubaaqudgha.
  2761 | D:4      | Reached skill level 3 in Conjurations
  2793 | D:4      | Found Zigafyk's Weapon Boutique.
  2806 | D:4      | Noticed Eustachio
  2970 | D:3      | Reached XP level 6. HP: 36/36 MP: 8/10
  3705 | D:4      | Reached skill level 3 in Fighting
  3748 | D:4      | Reached skill level 4 in Conjurations
  3965 | D:4      | Reached XP level 7. HP: 39/41 MP: 5/12
  4501 | D:5      | Entered Level 5 of the Dungeon
  4515 | D:4      | Reached skill level 5 in Conjurations
  4986 | D:4      | Reached skill level 4 in Spellcasting
  5231 | D:5      | Reached skill level 4 in Fighting
  5659 | D:5      | Noticed Edmund
  5665 | D:5      | Noticed Sigmund
  5702 | D:5      | Reached skill level 6 in Conjurations
  5714 | D:5      | Reached XP level 8. HP: 44/48 MP: 0/14
  5813 | D:5      | Found a basalt altar of Yredelemnul.
  5813 | D:5      | Found a bloodstained altar of Trog.
  5815 | D:5      | Found a shimmering blue altar of Sif Muna.
  5816 | D:5      | Found a sacrificial altar of Ru.
  6154 | D:6      | Noticed Blork the orc
  6285 | D:5      | Learned a level 5 spell: Lee's Rapid Deconstruction
  6480 | D:6      | Found Ulerirph's General Store.
  6495 | D:6      | Reached skill level 5 in Fighting
  6517 | D:6      | Bought 2 scrolls of teleportation for 66 gold pieces
  6530 | D:6      | Found a shadowy altar of Dithmenos.
  6550 | D:6      | Reached skill level 5 in Earth Magic
  7049 | D:6      | Reached skill level 5 in Spellcasting
  7060 | D:6      | Reached skill level 6 in Earth Magic
  7461 | D:6      | Reached XP level 9. HP: 51/55 MP: 6/17
  7607 | D:6      | Found a staircase to the Ecumenical Temple.
  7616 | Temple   | Entered the Ecumenical Temple
  7727 | Temple   | Became a worshipper of Vehumet
  7851 | D:6      | Reached skill level 7 in Earth Magic
  7995 | D:6      | Reached skill level 6 in Fighting
  8641 | D:7      | Found the +2 ratskin cloak {*Rats rPois rN+ Str-1 Int-1
                  | Dex+1}
  8661 | D:7      | Reached * piety under Vehumet
  8661 | D:7      | Offered knowledge of Magic Dart by Vehumet.
  8831 | D:7      | Noticed Harold
  9023 | D:7      | Reached skill level 8 in Earth Magic
  9269 | D:7      | Killed Harold
  9270 | D:7      | Reached skill level 7 in Fighting
  9270 | D:7      | Reached skill level 6 in Spellcasting
  9270 | D:7      | Reached skill level 9 in Earth Magic
  9637 | D:7      | Found a shimmering altar of Xom.
  9659 | D:7      | Reached XP level 10. HP: 63/63 MP: 13/19
 10350 | D:7      | Identified the +8 mace "Uvaf" {speed, Fragile rElec Str+5}
 10456 | D:8      | Reached skill level 2 in Dodging
 10458 | D:8      | Identified the +1 ring mail "Effir" {Int+2 SInv}
 10478 | D:8      | Noticed a two-headed ogre
 10498 | D:8      | Killed a two-headed ogre
 10499 | D:8      | Reached skill level 10 in Earth Magic
 10626 | D:8      | Offered knowledge of Shock by Vehumet.
 10658 | D:8      | Reached ** piety under Vehumet
 10663 | D:8      | Reached skill level 3 in Dodging
 10746 | D:8      | Found a stormy altar of Qazlal.
 10784 | D:8      | Reached skill level 7 in Spellcasting
 10801 | D:8      | Reached skill level 8 in Fighting
 10850 | D:8      | Noticed a five-headed hydra
 11754 | D:8      | Reached skill level 4 in Dodging
 11883 | D:8      | Offered knowledge of Mephitic Cloud by Vehumet.
 11888 | D:8      | Learned a level 3 spell: Mephitic Cloud
 11898 | D:8      | Found a staircase to the Lair.
 12271 | D:8      | Killed a five-headed hydra
 12272 | D:8      | Reached XP level 11. HP: 34/69 MP: 4/22
 12618 | D:8      | Identified the Grimoire of Dislocated Clay
 12636 | D:9      | Found a runed translucent gate.
 12636 | D:9      | Found a runed translucent gate.
 12639 | D:9      | Found a runed translucent gate.
 12648 | D:9      | Found a staircase to the Orcish Mines.
 12682 | D:9      | Identified the +0 leather armour "Varojumm" {rElec}
 12719 | D:9      | Reached skill level 1 in Fire Magic
 12723 | D:8      | Reached skill level 2 in Fire Magic
 12726 | D:8      | Reached *** piety under Vehumet
 12733 | D:8      | Learned a level 5 spell: Bolt of Magma
 12764 | D:9      | Noticed sraybest's ghost (novice TrMo)
 12795 | D:9      | Found Sytem's Distillery.
 12982 | D:9      | Noticed a cyclops
 13002 | D:9      | Killed a cyclops
 13003 | D:9      | Reached skill level 8 in Spellcasting
 13003 | D:9      | Reached skill level 3 in Fire Magic
 13398 | D:9      | Offered knowledge of Hailstorm by Vehumet.
 13607 | D:9      | Reached skill level 4 in Fire Magic
 13831 | D:10     | Entered Level 10 of the Dungeon
 14064 | D:10     | Reached skill level 5 in Dodging
 14064 | D:10     | Reached skill level 11 in Earth Magic
 14369 | D:10     | Reached **** piety under Vehumet
 14712 | D:10     | Offered knowledge of Dazzling Flash by Vehumet.
 15317 | D:10     | Reached skill level 9 in Fighting
 15410 | D:11     | Noticed a manticore
 15647 | D:11     | Found a runed translucent door.
 15663 | D:11     | Found a runed translucent door.
 15713 | D:11     | Found a runed translucent door.
 15893 | D:11     | Killed a manticore
 16109 | D:11     | Learned a level 2 spell: Passwall
 16143 | D:11     | Noticed a manticore
 16149 | D:11     | Killed a manticore
 16196 | D:11     | Reached ***** piety under Vehumet
 16223 | D:11     | Offered knowledge of Irradiate by Vehumet.
 16231 | D:11     | Learned a level 5 spell: Irradiate
 16374 | D:11     | Found a runed translucent door.
 16461 | D:11     | Reached skill level 1 in Transmutations
 16477 | D:11     | Found Ajuf's Weapon Shoppe.
 16614 | Lair:1   | Entered Level 1 of the Lair of Beasts
 16721 | Lair:1   | Reached skill level 2 in Transmutations
 16908 | Lair:1   | Reached XP level 12. HP: 76/76 MP: 20/24
 17053 | Lair:1   | Reached skill level 9 in Spellcasting
 17053 | Lair:1   | Reached skill level 3 in Transmutations
 17134 | Lair:1   | Noticed an eight-headed hydra
 17138 | Lair:1   | Killed an eight-headed hydra
 17346 | Lair:1   | Reached skill level 4 in Transmutations
 17468 | Lair:1   | Noticed a five-headed hydra
 17473 | Lair:1   | Killed a five-headed hydra
 17474 | Lair:1   | Reached skill level 7 in Conjurations
 18063 | Lair:2   | Noticed Gastronok
 18247 | Lair:2   | Noticed a boulder beetle
 18270 | Lair:2   | Killed a boulder beetle
 18418 | Lair:1   | Reached skill level 8 in Conjurations
 18527 | Lair:2   | Noticed a five-headed hydra
 18536 | Lair:2   | Killed a five-headed hydra
 18564 | Lair:1   | Gained mutation: Your body sometimes deteriorates upon
                  | taking damage. [mutagenic glow]
 18744 | Lair:2   | Reached skill level 9 in Conjurations
 19913 | Lair:2   | Reached skill level 10 in Spellcasting
 20162 | Lair:3   | Found a runed translucent gate.
 20163 | Lair:3   | Found a runed translucent gate.
 20164 | Lair:3   | Found a runed translucent gate.
 20164 | Lair:3   | Noticed Liasy's ghost (journeyman SpEn)
 20310 | Lair:3   | Reached skill level 10 in Conjurations
 20550 | Lair:3   | Reached XP level 13. HP: 80/80 MP: 22/27
 21350 | Lair:4   | Reached skill level 6 in Dodging
 21601 | Lair:4   | Found a hole to the Spider Nest.
 21604 | Lair:4   | Offered knowledge of Conjure Ball Lightning by Vehumet.
 21810 | Lair:4   | Noticed Rupert
 22161 | Lair:3   | Killed Rupert
 22162 | Lair:3   | Reached skill level 11 in Conjurations
 23040 | Lair:4   | Identified a scroll of acquirement
 23044 | Lair:4   | Acquired the Compendium of Sinister Combat Magic
 23052 | Lair:4   | Learned a level 5 spell: Borgnjor's Vile Clutch
 23057 | Lair:4   | Learned a level 4 spell: Sticky Flame
 23147 | Lair:4   | Reached skill level 10 in Fighting
 23370 | Lair:5   | Reached skill level 1 in Necromancy
 23666 | Lair:5   | Reached skill level 2 in Necromancy
 23818 | Lair:5   | Reached skill level 11 in Spellcasting
 24325 | Lair:5   | Reached skill level 3 in Necromancy
 24805 | Lair:6   | Entered Level 6 of the Lair of Beasts
 25539 | Lair:6   | Reached skill level 4 in Necromancy
 25673 | Lair:6   | Reached skill level 12 in Earth Magic
 25673 | Lair:6   | Gained mutation: Your large and strong wings let you fly
                  | indefinitely. [Gargoyle growth]
 25673 | Lair:6   | Reached XP level 14. HP: 85/88 MP: 15/29
 26000 | Lair:6   | Reached skill level 7 in Dodging
 26174 | Lair:6   | Offered knowledge of Spellforged Servitor by Vehumet.
 26184 | Lair:6   | Learned a level 7 spell: Spellforged Servitor
 26263 | Lair:6   | Identified the +7 arbalest "Huohim" {freeze, Will+}
 26329 | Lair:6   | Reached skill level 1 in Summonings
 26506 | Lair:6   | Reached skill level 2 in Summonings
 26789 | Lair:6   | Lost mutation: Your body sometimes deteriorates upon taking
                  | damage. [potion of mutation]
 26789 | Lair:6   | Gained mutation: You are covered in fur. (AC +1) [potion of
                  | mutation]
 26789 | Lair:6   | Gained mutation: You have an increased reservoir of magic.
                  | (+10% MP) [potion of mutation]
 26789 | Lair:6   | Gained mutation: You have a pair of small horns on your
                  | head. [potion of mutation]
 26902 | Lair:6   | Reached skill level 3 in Summonings
 27172 | Lair:6   | Reached skill level 4 in Summonings
 27404 | Lair:6   | Found a staircase to the Slime Pits.
 28177 | Lair:6   | Reached skill level 5 in Summonings
 28453 | Lair:6   | Reached skill level 12 in Conjurations
 28710 | Lair:6   | Identified the +7 spear of Uggiywn {vorpal, Will+ Dex-4
                  | Stlth+}
 29382 | D:11     | Reached skill level 6 in Summonings
 29627 | D:11     | Offered knowledge of Iskenderun's Battlesphere by Vehumet.
 30041 | D:12     | Noticed a tengu reaver
 30047 | D:12     | Identified the +1 halberd of Arrival {spect, *Corrode rC+++
                  | Will+ Str+3}
 30567 | D:12     | Noticed a deep elf annihilator
 30576 | D:12     | Killed a deep elf annihilator
 30728 | D:12     | Noticed a vampire knight
 30737 | D:12     | Killed a vampire knight
 30738 | D:12     | Reached skill level 7 in Summonings
 30867 | D:12     | Identified the ring of Conflict {rElec AC+4}
 30881 | D:12     | HP: 17/88 [tengu reaver/bolt of acid (32)]
 30881 | D:12     | HP: 1/88 [acid (16)]
 31404 | D:12     | Reached XP level 15. HP: 86/93 MP: 14/33
 31960 | D:12     | Killed a tengu reaver
 31961 | D:12     | Reached skill level 8 in Summonings
 32437 | D:13     | Noticed Urug
 32475 | D:13     | You fall into a shaft and drop 1 floor!
 32524 | D:14     | Gained mutation: You are clumsy. (Dex -2) [mutagenic glow]
 32759 | D:14     | Reached skill level 13 in Conjurations
 33234 | D:14     | Reached skill level 9 in Summonings
 34245 | D:14     | Noticed Frances
 34491 | D:13     | Offered knowledge of Fireball by Vehumet.
 34904 | D:13     | Found Qoc Imai's Armour Shop.
 35401 | D:13     | Noticed an entropy weaver
 35891 | D:13     | Reached skill level 10 in Summonings
 35997 | D:13     | Found a gate to the Vaults.
 37250 | Lair:2   | Killed Gastronok
 37465 | Lair:2   | Found a staircase to the Swamp.
 37677 | Spider:1 | Entered Level 1 of the Spider Nest
 38234 | Spider:1 | Noticed an entropy weaver
 38283 | Lair:4   | Killed an entropy weaver
 38284 | Lair:4   | Reached skill level 11 in Summonings
 38284 | Lair:4   | Gained mutation: You tend to lose your temper in combat.
                  | [mutagenic glow]
 38285 | Lair:4   | Reached skill level 14 in Conjurations
 38439 | Spider:1 | Reached skill level 11 in Fighting
 38443 | Spider:1 | Reached XP level 16. HP: 100/100 MP: 10/34
 38603 | Spider:1 | Offered knowledge of Starburst by Vehumet.
 39395 | Spider:1 | Identified the +6 long sword "Qaeth" {speed, rPois Will+
                  | Int+5 Stlth+}
 39773 | Spider:2 | Noticed Arachne
 39813 | Spider:2 | Found a runed translucent gate.
 39813 | Spider:2 | Found a runed translucent gate.
 39813 | Spider:2 | Found a runed translucent gate.
 39836 | Spider:2 | Noticed Zekkers's ghost (adept SpVM)
 39837 | Spider:2 | Noticed Jotoc's ghost (adept TrBe)
 39841 | Spider:2 | Noticed Agnes
 40257 | Spider:2 | Killed Agnes
 40600 | Spider:2 | Killed Arachne
 40859 | Spider:2 | Reached skill level 12 in Fighting
 41360 | Spider:2 | Noticed Kirke
 41368 | Spider:2 | Killed Kirke
 42081 | D:11     | Reached skill level 13 in Earth Magic
 42185 | D:11     | Lost mutation: You are clumsy. (Dex -2) [potion of
                  | mutation]
 42185 | D:11     | Lost mutation: You are covered in fur. (AC +1) [potion of
                  | mutation]
 42185 | D:11     | Gained mutation: You passively map a small area around you.
                  | [potion of mutation]
 42185 | D:11     | Gained mutation: Your spells are a little harder to cast,
                  | but a little more powerful. [potion of mutation]
 42185 | D:11     | Gained mutation: Your muscles are strong. (Str +2) [potion
                  | of mutation]
 42463 | Spider:2 | Offered knowledge of Iron Shot by Vehumet.
 42580 | Spider:2 | Learned a level 6 spell: Iron Shot
 43711 | Spider:3 | Reached skill level 1 in Shields
 44056 | Spider:3 | Reached skill level 2 in Shields
 44385 | Spider:3 | Noticed an entropy weaver
 44410 | Spider:3 | Killed an entropy weaver
 44552 | Spider:3 | Noticed an entropy weaver
 44679 | Spider:3 | Killed an entropy weaver
 44699 | Spider:3 | Reached skill level 14 in Earth Magic
 44895 | Spider:3 | Reached skill level 3 in Shields
 45293 | Spider:4 | Entered Level 4 of the Spider Nest
 45293 | Spider:4 | Noticed an entropy weaver
 45301 | Spider:3 | Killed an entropy weaver
 46206 | Spider:4 | Reached XP level 17. HP: 88/108 MP: 17/36
 46671 | Spider:4 | Reached skill level 4 in Shields
 47485 | Spider:3 | HP: 21/108 [something (8)]
 48547 | Spider:4 | Reached skill level 15 in Earth Magic
 48575 | Spider:4 | Reached skill level 13 in Fighting
 48575 | Spider:4 | Reached skill level 5 in Shields
 48774 | Spider:4 | Reached ****** piety under Vehumet
 48861 | Spider:3 | HP: 21/108 [something (8)]
 48862 | Spider:3 | HP: 6/108 [something (7)]
 50327 | Spider:4 | Identified the +5 trident of Wealth {elec, *Drain rC+
                  | Int+4}
 50336 | Spider:4 | Got a gossamer rune of Zot
 50661 | Orc:1    | Entered Level 1 of the Orcish Mines
 51394 | Orc:2    | Entered Level 2 of the Orcish Mines
 51581 | Orc:2    | Found a roughly hewn altar of Beogh.
 51689 | Orc:2    | HP: 22/109 [orc knight/bolt (13)]
 51716 | Orc:2    | HP: 24/109 [orc knight/bolt (5)]
 51936 | Orc:2    | Offered knowledge of Lehudib's Crystal Spear by Vehumet.
 51936 | Orc:2    | Offered knowledge of Fire Storm by Vehumet.
 51936 | Orc:2    | Offered knowledge of Absolute Zero by Vehumet.
 52261 | Orc:2    | Found Tohaam's Weapon Shop.
 52261 | Orc:2    | Found Ceppouro's Armour Emporium.
 52263 | Orc:2    | Found Xadin's General Store.
 52265 | Orc:2    | Found Isialecw's Armour Boutique.
 52333 | Orc:2    | Reached skill level 3 in Stealth
 52447 | Orc:2    | Found a staircase to the Elven Halls.
 52896 | Orc:2    | Reached skill level 6 in Shields
 53514 | D:14     | Killed Frances
 54077 | D:15     | Entered Level 15 of the Dungeon
 54090 | D:15     | Reached skill level 4 in Stealth
 54381 | D:15     | Reached skill level 12 in Spellcasting
 54738 | D:15     | Reached skill level 5 in Stealth
 55059 | D:15     | Found a staircase to the Depths.
 55775 | Swamp:1  | Entered Level 1 of the Swamp
 55790 | Swamp:1  | Noticed Aizul
 55799 | Swamp:1  | Killed Aizul
 55833 | Swamp:1  | Found a transporter.
 55833 | Swamp:1  | Noticed a tentacled monstrosity
 56024 | Swamp:1  | Acquired 877 gold pieces
 56392 | Swamp:2  | Reached skill level 7 in Shields
 56392 | Swamp:2  | Reached XP level 18. HP: 116/116 MP: 10/37
 57173 | Swamp:2  | Reached skill level 16 in Earth Magic
 58646 | Swamp:3  | Reached skill level 14 in Fighting
 59211 | Swamp:3  | Identified the quicksilver dragon scales of the Fiddle
                  | {Will+ Int+6 Slay-2}
 59466 | Swamp:3  | Reached skill level 8 in Shields
 59688 | Swamp:4  | Entered Level 4 of the Swamp
 60886 | Swamp:4  | Noticed Mara
 61066 | Swamp:4  | Noticed the 27-headed Lernaean hydra
 61072 | Swamp:4  | Killed the 27-headed Lernaean hydra
 61113 | Swamp:3  | HP: 18/117 [goliath frog (17)]
 61835 | Swamp:4  | Noticed hehateme's illusion
 61968 | Swamp:4  | Noticed hehateme's illusion
 61968 | Swamp:4  | Killed Mara
 61969 | Swamp:4  | Reached skill level 9 in Shields
 62425 | Swamp:4  | Reached skill level 13 in Spellcasting
 62695 | Swamp:4  | Got a decaying rune of Zot
 62884 | Swamp:4  | Acquired 889 gold pieces
 63122 | D:9      | Bought a potion of heal wounds for 70 gold pieces
 63122 | D:9      | Bought a potion of curing for 42 gold pieces
 63122 | D:9      | Bought 2 potions of haste for 280 gold pieces
 63122 | D:9      | Bought a potion of cancellation for 112 gold pieces
 63275 | Vaults:1 | Entered Level 1 of the Vaults
 63718 | Vaults:1 | Reached skill level 17 in Earth Magic
 63909 | Vaults:1 | Reached XP level 19. HP: 114/123 MP: 24/39
 64850 | Vaults:1 | Reached skill level 15 in Fighting
 65015 | Vaults:1 | Reached skill level 10 in Shields
 67637 | Vaults:2 | Reached skill level 18 in Earth Magic
 69036 | Vaults:2 | Reached skill level 19 in Earth Magic
 70021 | Vaults:3 | Found a staircase to the Crypt.
 70021 | Vaults:3 | Found a basalt altar of Yredelemnul.
 70021 | Vaults:3 | Found an ancient bone altar of Kikubaaqudgha.
 70058 | Vaults:3 | Noticed a lich
 70061 | Vaults:3 | Killed a lich
 70794 | Vaults:3 | Noticed Xtahua
 70800 | Vaults:3 | You fall into a shaft and drop 1 floor!
 70846 | Vaults:4 | Noticed Mennas
 71012 | Vaults:3 | Noticed a lich
 71018 | Vaults:3 | Killed a lich
 71019 | Vaults:3 | Reached XP level 20. HP: 129/129 MP: 27/41
 71207 | Vaults:3 | Killed Xtahua
 71208 | Vaults:3 | Reached skill level 20 in Earth Magic
 71448 | Vaults:3 | Found Ixu Sics's Weapon Boutique.
 73040 | Vaults:4 | Noticed Jory
 73044 | Vaults:4 | Noticed a deep elf sorcerer
 73054 | Vaults:4 | Killed Jory
 73055 | Vaults:4 | Reached skill level 21 in Earth Magic
 73300 | Vaults:4 | HP: 16/129 [fire giant/fireball (40)]
 73473 | Vaults:4 | Killed Mennas
 73876 | Vaults:4 | Identified the +7 lajatang of Arbitration {freeze, Str+6}
 74322 | Vaults:4 | Killed a deep elf sorcerer
 74449 | Vaults:4 | Noticed an entropy weaver
 74452 | Vaults:4 | Killed an entropy weaver
 75513 | Vaults:4 | Reached skill level 22 in Earth Magic
 75576 | Vaults:5 | Entered Level 5 of the Vaults
 75876 | Depths:1 | Entered Level 1 of the Depths
 76639 | Depths:1 | Found Naeps's Weapon Boutique.
 76643 | Depths:1 | Found Gellot's Armour Boutique.
 76976 | D:15     | Reached XP level 21. HP: 84/134 MP: 37/42
 77141 | D:15     | Learned a level 9 spell: Shatter
 77151 | Depths:1 | Reached skill level 23 in Earth Magic
 77681 | Depths:1 | Bought the +18 shield of the Gong {rElec rN+ Will+ EV-5}
                  | for 1070 gold pieces
 77681 | Depths:1 | Found the +18 shield of the Gong {rElec rN+ Will+ EV-5}
 78505 | Depths:1 | Found a gateway to Hell.
 79485 | Depths:2 | Identified the +8 rapier of Distant Shores {vorpal, Int+5}
 79485 | Depths:2 | Identified the +4 rapier of Fiepetsi {antimagic, Int+4}
 79485 | Depths:2 | Noticed a juggernaut
 79485 | Depths:2 | Identified the +6 quick blade of Ytoff {vorpal, rN+ Str-5
                  | Dex+4}
 79486 | Depths:2 | Found a transporter.
 79487 | Depths:2 | Reached skill level 24 in Earth Magic
 79487 | Depths:2 | Noticed Qionoel's ghost (adept DEFE)
 79488 | Depths:2 | Killed a juggernaut
 79489 | Depths:2 | Noticed a juggernaut
 79494 | Depths:2 | Killed a juggernaut
 79805 | Depths:2 | Upgraded the game from 0.27-a0-463-gec7707c53d to
                  | 0.27-a0-489-g24c7b1a3ef
 79975 | Depths:2 | Killed Qionoel's ghost
 80077 | Depths:2 | Identified the ring "Okhluk" {Ice Dex+5}
 80147 | Depths:2 | Found a transporter.
 80150 | Depths:2 | Identified the amulet "Ajorik" {rElec Regen+ Int+4}
 80151 | Depths:2 | Found a bloodstained altar of Trog.
 80663 | Depths:2 | Reached skill level 11 in Shields
 80916 | Depths:2 | Paralysed by a floating eye for 4 turns
 81401 | Depths:2 | Noticed a lich
 81405 | Depths:2 | Killed a lich
 81583 | Depths:2 | Found a one-way gate leading to the halls of Pandemonium.
 81650 | Depths:2 | Identified the ring of Bamymoi {Fire *Contam +Inv Int+7
                  | Dex+4}
 81705 | Depths:2 | Reached XP level 22. HP: 140/140 MP: 19/43
 81902 | Depths:2 | Reached skill level 14 in Spellcasting
 81961 | Depths:2 | Identified the ring of Sovereignty {rN+ MP+9}
 82243 | Depths:2 | Found a runed translucent door.
 82243 | Depths:2 | Found a runed translucent door.
 82265 | Depths:2 | Identified the amulet "Gawin" {RegenMP Slay+2}
 82978 | Vaults:5 | Reached skill level 12 in Shields
 83003 | Vaults:5 | Noticed Bai Suzhen
 83057 | Vaults:5 | Noticed an ancient lich
 83059 | Vaults:5 | Killed an ancient lich
 83060 | Vaults:5 | Reached skill level 16 in Fighting
 83065 | Vaults:5 | Noticed an entropy weaver
 83068 | Vaults:5 | Killed an entropy weaver
 83245 | Vaults:5 | Noticed a deep elf sorcerer
 83247 | Vaults:5 | HP: 24/142 [frost giant/bolt of cold (22)]
 83248 | Vaults:5 | HP: 4/142 [deep elf sorcerer/damnation (20)]
 83249 | Vaults:5 | Mangled by a quicksilver dragon

Table legend: (Time is in decaauts)
 A = Elapsed time spent in this place.
 B = Non-inter-level travel time spent in this place.
 C = Inter-level travel time spent in this place.
 D = Time resting spent in this place.
 E = Time spent auto-exploring this place.
 F = Levels seen in this place.
 G = Mean time per level.
                   A        B        C        D        E       F      G
               +--------+--------+--------+--------+--------+-----+--------+
         Total |  83726 |  78315 |   5411 |  33956 |  34565 |  40 | 2093.1 |
       Dungeon |  29376 |  27053 |   2323 |  10843 |  12800 |  15 | 1958.4 |
        Temple |    131 |    112 |     19 |      0 |     99 |   1 |  131.0 |
          Lair |  13956 |  12872 |   1084 |   5110 |   6377 |   6 | 2326.0 |
         Swamp |   7624 |   7321 |    303 |   2861 |   3667 |   4 | 1906.0 |
   Spider Nest |  11214 |  10647 |    567 |   6052 |   2879 |   4 | 2803.5 |
  Orcish Mines |   2684 |   2467 |    217 |    398 |   1669 |   2 | 1342.0 |
        Vaults |  12570 |  11862 |    708 |   5371 |   5004 |   5 | 2514.0 |
        Depths |   6167 |   5980 |    187 |   3320 |   2068 |   3 | 2055.7 |
               +--------+--------+--------+--------+--------+-----+--------+

Top non-repeatable levels by time:
Spider:3: 4700 daAuts
Depths:1: 4388 daAuts
Vaults:1: 3618 daAuts
    D:13: 3428 daAuts
Vaults:4: 3307 daAuts
  Lair:4: 3280 daAuts
  Lair:6: 3038 daAuts
Vaults:2: 2998 daAuts
 Swamp:3: 2774 daAuts
Spider:1: 2761 daAuts
    D:11: 2653 daAuts
    D:14: 2595 daAuts
    D:12: 2502 daAuts
     D:8: 2462 daAuts
  Lair:5: 2395 daAuts

Table legend:
 A = Kills in this place as a percentage of kills in entire the game.
 B = Kills by you in this place as a percentage of kills by you in the entire game.
 C = Kills by friends in this place as a percentage of kills by friends in the entire game.
 D = Other kills in this place as a percentage of other kills in the entire game.
 E = Experience gained in this place as a percentage of experience gained in the entire game.
 F = Experience gained in this place divided by the number of levels of this place that you have seen.
                   A       B       C       D       E      F
               +-------+-------+-------+-------+-------+----------------------
         Total | 100.0 | 100.0 | 100.0 | 100.0 | 100.0 | 16304.2
       Dungeon |  30.5 |  37.0 |   1.0 |   0.0 |  13.5 | 5890.9
          Lair |  12.2 |  14.8 |   0.3 |   0.0 |   9.9 | 10749.7
         Swamp |   7.2 |   4.9 |  17.2 |  50.0 |  10.4 | 17016.8
   Spider Nest |  18.3 |  14.2 |  37.0 |   0.0 |  13.6 | 22168.2
  Orcish Mines |   5.2 |   4.9 |   6.7 |   0.0 |   1.1 | 3479.5
        Vaults |  18.4 |  15.4 |  32.0 |  50.0 |  31.2 | 40701.4
        Depths |   8.2 |   8.8 |   5.7 |   0.0 |  20.3 | 44033.3
               +-------+-------+-------+-------+-------+----------------------

Action                   |  1- 3 |  4- 6 |  7- 9 | 10-12 | 13-15 | 16-18 | 19-21 | 22-24 || total
-------------------------+-------+-------+-------+-------+-------+-------+-------+-------++-------
Melee: Unarmed           |     1 |       |       |       |       |       |       |       ||     1
       Dagger            |       |     5 |    76 |       |       |       |       |       ||    81
       Mace              |       |       |       |    98 |    10 |       |       |       ||   108
       Headbutt          |       |       |       |       |     4 |    29 |    36 |     4 ||    73
       Spear             |       |       |       |       |    44 |       |       |       ||    44
       Long sword        |       |       |       |       |       |   139 |    86 |       ||   225
       Eudemon blade     |       |       |       |       |       |       |       |    12 ||    12
Throw: Dart              |       |       |    23 |    13 |       |       |       |       ||    36
       Throwing net      |       |       |       |     2 |       |       |       |       ||     2
       Stone             |       |       |       |       |       |     1 |       |       ||     1
 Cast: Sandblast         |    51 |    65 |   156 |   167 |   203 |   319 |     1 |       ||   962
       Stone Arrow       |       |       |    46 |   165 |   232 |   223 |   223 |     7 ||   896
       Lee's Rapid Decon |       |       |       |    26 |   148 |    53 |    45 |     6 ||   278
       Mephitic Cloud    |       |       |       |     1 |     1 |       |       |       ||     2
       Bolt of Magma     |       |       |       |     6 |    11 |       |       |       ||    17
       Irradiate         |       |       |       |    10 |   105 |    94 |    73 |     5 ||   287
       Sticky Flame      |       |       |       |       |     6 |     1 |       |       ||     7
       Borgnjor's Vile C |       |       |       |       |     7 |     4 |     9 |       ||    20
       Spellforged Servi |       |       |       |       |       |   123 |    77 |     2 ||   202
       Iron Shot         |       |       |       |       |       |   115 |   127 |    21 ||   263
       Shatter           |       |       |       |       |       |       |    57 |     8 ||    65
 Abil: Fly               |       |       |       |       |       |     1 |       |       ||     1
       Stop Flying       |       |       |       |       |       |     1 |       |       ||     1
Evoke: Wand              |       |       |     5 |    16 |     8 |    14 |     1 |       ||    44
       Lightning rod     |       |       |       |     4 |       |     5 |     5 |       ||    14
       Phial of floods   |       |       |       |       |     2 |       |       |       ||     2
       Phantom mirror    |       |       |       |       |       |     1 |     1 |       ||     2
  Use: Scroll            |       |       |     5 |    10 |    23 |    18 |     8 |     2 ||    66
       Potion            |       |       |     6 |       |     5 |    17 |    10 |     1 ||    39
 Stab: Sleeping          |       |     1 |       |       |       |       |       |       ||     1
       Paralysed         |       |       |       |    12 |       |       |       |       ||    12
Armor: Robe              |     3 |       |       |       |       |       |       |       ||     3
       Leather armour    |     3 |    22 |    76 |       |       |       |       |       ||   101
       Ring mail         |       |       |    25 |   144 |   293 |   748 |   182 |    29 ||  1421
Dodge: Dodged            |     8 |    42 |   108 |   200 |   436 |   691 |   302 |    18 ||  1805
Block: Buckler           |       |       |       |       |       |    68 |   202 |       ||   270
       Kite shield       |       |       |       |       |       |       |       |    57 ||    57
       Rpst.: Long sword |       |       |       |       |       |    99 |    45 |     1 ||   145
       Eudemon blade     |       |       |       |       |       |       |       |     2 ||     2

Vanquished Creatures
  An ancient lich (Vaults:5)
  Mara (Swamp:4)
  2 juggernauts (Depths:2)
  the Lernaean hydra (Swamp:4)
  Xtahua (Vaults:3)
  The ghost of Qionoel the Ruinous, an adept DEFE of Vehumet (Depths:2)
  Arachne (Spider:2)
  A tentacled monstrosity (Depths:2)
  A deep elf blademaster (Depths:2)
  Rupert (Lair:3)
  A lich (Depths:2)
  Gastronok (Lair:2)
  Frances (D:14)
  A sphinx (Vaults:4)
  A thorn hunter (Swamp:2)
  Kirke (Spider:2)
  2 tengu reavers
  Agnes (Spider:2)
  A deep elf sorcerer (Vaults:4)
  7 vault wardens
  7 fire giants
  Aizul (Swamp:1)
  6 frost giants
  5 ghost moths
  2 emperor scorpions (Spider:4)
  8 ironheart preservers
  3 very ugly things
  14 stone giants
  2 spriggan defenders (Depths:2)
  A vampire knight (D:12)
  6 entropy weavers
  2 deep elf annihilators
  3 bunyips (Swamp:4)
  6 spark wasps
  7 ettins
  6 fire dragons
  3 eleionomae
  4 yaktaur captains
  A deep elf high priest (Vaults:5)
  3 great orbs of eyes
  A rakshasa (Depths:2)
  Harold (D:7)
  26 vault guards
  6 ogre magi
  7 boulder beetles
  21 hydras
  A spriggan air mage (Depths:2)
  4 ice dragons
  3 catoblepae (Lair:6)
  11 two-headed ogres
  A queen ant (Spider:3)
  6 centaur warriors
  6 alligators
  4 death yaks (Lair:6)
  6 tengu warriors
  5 deep troll earth magi
  2 deep troll shamans
  3 spriggan berserkers
  A deep elf knight (Vaults:3)
  7 hell knights (Depths:1)
  2 shadow wraiths
  A spark wasp zombie (Depths:2)
  An iron troll (D:15)
  A skeletal warrior (D:14)
  A golden dragon zombie (Depths:2)
  3 spriggan druids
  3 goliath frogs
  An unseen horror (D:14)
  An unseen horror (shapeshifter) (D:15)
  19 deep trolls
  A flayed ghost (Vaults:4)
  6 ironbrand convokers
  5 orc knights
  A deep elf archer (Vaults:4)
  5 swamp dragons
  3 bog bodies
  3 necromancers
  2 wizards
  2 glowing orange brains
  2 harpies
  31 ugly things
  A wolf spider zombie (D:15)
  A phantasmal warrior (D:13)
  4 deep elf pyromancers
  9 orb spiders
  7 manticores
  25 wolf spiders
  6 will-o-the-wisps
  4 moths of wrath
  3 orc sorcerers
  6 cyclopes
  9 nameless horrors
  An elephant (shapeshifter) (Vaults:3)
  2 frost giant skeletons (Depths:2)
  13 elephants
  2 black mambas (Lair:6)
  9 vault sentinels
  An ice statue (D:11)
  3 centaur skeletons
  A gargoyle (D:11)
  12 demonic crawlers
  11 cane toads
  47 yaktaurs
  A tengu conjurer (Depths:1)
  A rime drake (Lair:4)
  3 freezing wraiths
  11 komodo dragons
  A queen bee (D:14)
  5 trolls
  11 hornets
  5 tyrant leeches
  16 jumping spiders
  3 meliai (D:14)
  2 bloated husks
  A polar bear (Lair:5)
  A tengu simulacrum (Depths:2)
  A hornet (shapeshifter) (Vaults:5)
  20 blink frogs
  A raiju (shapeshifter) (Vaults:1)
  A slime creature (shapeshifter) (D:13)
  4 dream sheep
  An ettin zombie (Depths:2)
  11 slime creatures
  64 redbacks
  4 shadows
  7 spriggans
  A spriggan (shapeshifter) (D:15)
  32 tarantellas
  3 hogs
  6 wyverns
  3 wraiths
  7 basilisks
  A yak (shapeshifter) (D:13)
  A hog (shapeshifter) (D:13)
  41 yaks
  2 steam dragons
  6 vampire mosquitoes
  15 soldier ants
  6 wargs
  A spriggan simulacrum (Depths:2)
  2 acid dragons
  13 swamp worms
  A swamp worm (shapeshifter) (Depths:2)
  2 hell hounds (Lair:6)
  19 water moccasins
  A floating eye (Depths:2)
  4 swamp drakes
  21 orc warriors
  3 eyes of draining
  9 sky beasts
  4 black bears
  11 ice beasts
  A necrophage (D:7)
  A sky beast (shapeshifter) (Vaults:2)
  21 ogres
  10 wolves
  13 centaurs
  A boggart (D:12)
  2 phantoms
  3 kobold brigands
  18 bullfrogs
  A gnoll sergeant (D:8)
  A wyvern zombie (D:8)
  4 scorpions
  2 water moccasin skeletons
  15 killer bees
  4 howler monkeys
  15 wights
  A vampire bat (Lair:3)
  8 electric eels
  2 bullfrog zombies
  4 centaur zombies
  5 bullfrog skeletons
  13 hounds
  10 jellies
  18 orc priests
  5 iguanas
  An iron imp (Depths:2)
  27 orc wizards
  A hell rat (D:7)
  25 worker ants
  A killer bee zombie (D:6)
  A hound zombie (D:7)
  2 hound skeletons
  20 gnolls
  A howler monkey skeleton (D:9)
  6 river rats (D:7)
  2 worker ant zombies
  11 adders
  5 white imps
  An ufetubus (D:6)
  2 adder zombies
  An adder skeleton (D:4)
  2 worms (D:2)
  2 dart slugs
  7 leopard geckos
  88 orcs
  3 giant cockroaches
  6 goblins
  6 hobgoblins
  6 jackals
  5 quokkas
  3 ball pythons
  A ball python skeleton (D:6)
  12 bats
  6 frilled lizards
  14 kobolds
  21 rats
1368 creatures vanquished.

Vanquished Creatures (collateral kills)
  Mennas (Vaults:4)
  Jory (Vaults:4)
  2 liches (Vaults:3)
  A thorn hunter (Swamp:4)
  A frost giant (Depths:1)
  A fenstrider witch (Swamp:3)
  An emperor scorpion (Spider:4)
  5 vault wardens
  2 very ugly things
  3 ironheart preservers
  5 stone giants
  2 ettins
  4 eleionomae
  3 yaktaur captains
  A great orb of eyes (Vaults:4)
  A ghost crab (Swamp:2)
  2 boulder beetles
  2 ice dragons
  6 hydras
  2 vault guards (Vaults:1)
  A centaur warrior (Vaults:4)
  A two-headed ogre (Vaults:1)
  5 alligators
  A tengu warrior (Depths:2)
  A death yak (Lair:6)
  2 deep troll earth magi (Depths:1)
  A vampire mage (Depths:1)
  7 deep trolls
  2 deep elf archers
  A spriggan druid (Swamp:2)
  3 goliath frogs
  4 ironbrand convokers
  4 orc knights
  2 harpies (Vaults:1)
  3 swamp dragons (Swamp:4)
  9 wolf spiders
  13 ugly things
  8 orb spiders
  An orc sorcerer (Orc:2)
  A cyclops (Vaults:1)
  2 will-o-the-wisps
  5 vault sentinels
  3 demonic crawlers
  A freezing wraith (Vaults:3)
  21 yaktaurs
  6 hornets
  4 tyrant leeches
  14 jumping spiders
  2 trolls
  17 tarantellas
  3 spriggans
  35 redbacks
  A hog (Spider:2)
  4 vampire mosquitoes (Swamp:3)
  5 swamp worms
  An acid dragon (Vaults:1)
  14 soldier ants (Spider:3)
  16 orc warriors
  7 swamp drakes
  4 ogres
  4 centaurs
  2 electric eels (Spider:3)
  An orc priest (Vaults:1)
  3 worker ants (Spider:3)
  A white imp (Depths:1)
  5 orcs
297 creatures vanquished.

Vanquished Creatures (others)
  A phantasmal warrior (Vaults:5)
  3 bloated husks
  An orc (Orc:2)
  A briar patch (Swamp:2)
  6 foxfires
  33 fungi
  128 plants
173 creatures vanquished.

Grand Total: 1838 creatures vanquished You could see a frost giant, an ice dragon, a quicksilver dragon, 2 vault wardens and a friendly river rat.

Levels and vault maps discovered:
D:1:      minmay_arrival_up_and_down, layout_basic, minmay_cupped
D:2:      layout_loops_ring
D:3:      layout_basic, minmay_hedge_maze
D:4:      layout_basic, lemuel_crystal_altar, serial_shops,
          kennysheep_mini_moat, uniq_eustachio
D:5:      layout_rooms, chequers_temple_overflow_statue_of_worship,
          sigmund_edmund_badplayer
D:6:      minmay_opposing_rooms, layout_basic, lemuel_temple_firewalk_b,
          serial_shops, nicolae_shop_crystal, nicolae_dithmenos_shadow_blocks,
          uniq_blork_the_orc
D:7:      wander_guarded_unrand_ratskin, layout_basic, old_standard_altar,
          minmay_misc_feat_roman, uniq_harold
D:8:      minmay_bloctagon, layout_loops_corners, erik_lair_island, basic_altar
D:9:      layout_roguey, orc_0_dummy, gammafunk_ghost_spectres, serial_shops,
          shop
D:10:     layout_grid_maze
D:11:     layout_basic, serial_shops, nicolae_shop_crystal,
          grunt_decor_junction, minmay_statue_crystal_thing
D:12:     minmay_containers, layout_cave_pools, enter_bailey_2, nooodl_orcs_dogs
D:13:     layout_basic, david_vaults_4, serial_shops, kennysheep_mini, uniq_urug
D:14:     nzn_winding_woodlands_cross [nzn_winding_woodlands_5x15_pockets,
          nzn_winding_woodlands_5x15_parted,
          nzn_winding_woodlands_5x15_lazy_stream,
          nzn_winding_woodlands_5x15_eye,
          nzn_winding_woodlands_15x15_five_gardens], layout_cave_pools,
          kennysheep_big_empty_room, minivault_7, uniq_frances
D:15:     grunt_enter_depths_snipers, layout_rooms,
          hangedman_decor_diamond_cutter
Temple:   lightli_temple_of_artemis
Lair:1:   layout_loops_ring, hibernation_bobbens, serial_bayou_shore_a
Lair:2:   layout_misc_corridors, nicolae_swamp_entry_splash_gauntlet,
          worms_lemuel, uniq_gastronok
Lair:3:   layout_big_grid, ebering_ghost_rock_garden, roderic_batcave,
          grunt_megastairs_5
Lair:4:   layout_small_grid, nicolae_spider_entry_tight_spaces,
          guppyfry_lair_drakes, uniq_rupert
Lair:5:   layout_hall_layers, portal_ice_cave_entry_ice_beasts
Lair:6:   evilmike_catoblepas_cave, layout_regular_city,
          minmay_slime_entry_pillars, enter_volcano_3, grunt_megastairs_4
Swamp:1:  gammafunk_sealed_arena, layout_falls_marsh,
          evilmike_swamp_ruin_house_4, swamp_pool5, uniq_jorgrun, uniq_aizul
Swamp:2:  layout_basic_swamp, nicolae_swamp_trees_clearing
Swamp:3:  layout_basic_swamp, evilmike_swamp_ruin_wall, swamp_pool2,
          nicolae_swamp_hydra_murder_den
Swamp:4:  swamp_old_school, layout_basic_swamp, swamp_pool2,
          roderic_carrion_pond, uniq_mara
Spider:1: layout_spider_delve
Spider:2: layout_spider_delve, gammafunk_ghost_cemetery, uniq_arachne,
          uniq_agnes, uniq_kirke
Spider:3: layout_spider_delve, minivault_29, nicolae_spider_cling_halls
Spider:4: grunt_spider_rune_parallel, nicolae_spider_circle_web
Orc:1:    layout_diamond_mine
Orc:2:    st_orc_rangers, layout_diamond_mine, mines2_david
Vaults:1: grunt_vaults_bifocal, grunt_vaults_hallway_long, v_alt_pattern_6,
          v_misc_4, v_alt_pattern_3, ontoclasm_vaults_twist,
          hangedman_vaults_pinch, nicolae_vaults_yaktaur_gun_rack,
          nicolae_vaults_little_squares_2, ontoclasm_vaults_tryst,
          layout_vaults_maze
Vaults:2: st_star, vaults_dpeg_hooks, hangedman_vaults_variations,
          hangedman_vaults_corner_blocks, ontoclasm_vaults_misaligned,
          vaults_dpeg_encased_lava, v_pattern_2, v_misc_2,
          nicolae_vaults_angled_halls, hangedman_vaults_cutoff, v_misc_24,
          v_misc_9, layout_vaults_big_cross
Vaults:3: nicolae_vaults_specimen_jars, minmay_crypt_entry_necro_gods,
          nicolae_vaults_alarming, ontoclasm_vaults_gateway,
          hangedman_vaults_cutoff, v_misc_14, nicolae_vaults_angled_halls,
          layout_vaults_omnigrid, serial_shops, shop, uniq_xtahua
Vaults:4: grunt_vaults_swirl, grunt_vaults_hallway_short,
          nicolae_vaults_twisting_passages, nicolae_vaults_little_squares_5,
          nicolae_vaults_little_squares_2, hangedman_vaults_maws,
          ontoclasm_vaults_decontamination, grunt_vaults_hallway_short,
          layout_vaults_chaotic_city, uniq_mennas, uniq_jory
Vaults:5: uniq_bai_suzhen
Depths:1: layout_honeycomb, hangedman_coc_ice_floe, kennysheep_cross_bottleneck,
          item_on_display_a, minmay_shop_star
Depths:2: minmay_the_grid_triangle_9x9_line_8_mashed
          [minmay_the_grid_triangle_9x9_steps,
          minmay_the_grid_triangle_9x9_swiss_cheese,
          minmay_the_grid_triangle_9x9_negative_grid,
          minmay_the_grid_triangle_9x9_pentomino_pain,
          minmay_the_grid_triangle_9x9_flanged_cone,
          minmay_the_grid_triangle_9x9_stretched_checkered,
          minmay_the_grid_triangle_9x9_tough_junction,
          minmay_the_grid_triangle_9x9_prize_special], layout_gridville,
          rand_demon_pan_entry_3, gammafunk_ghost_wrathful_warriors, hell_entry
Depths:3: gammafunk_corrupted_shrine, layout_gridlike, rand_demon_pan_entry_5,
          minmay_tree_intersection, pf_hell_entry_great_geh,
          minmay_hidden_floor, minmay_shop_grove,
          infiniplex_staircase_pillars_3a, uniq_enchantress
